 Dungeon Crawl Stone Soup version 0.29-a0-866-g0545e20025 (webtiles) character file.

Game seed: 3111274236301643300

513857 Malachi the Slayer (level 25, 0/235 HPs)
             Began as a Ghoul Fighter on July 16, 2022.
             Was an Initiate of Yredelemnul.
             Slain by an ancient champion
             ... wielding a +2 vorpal battleaxe
              (5 damage)
             ... on level 1 of the Crypt.
             The game lasted 02:07:39 (52494 turns).

Malachi the Slayer (Ghoul Fighter)                 Turns: 52494, Time: 02:07:39

Health: 0/235      AC: 47    Str: 27    XL:     25   Next: 14%
Magic:  36/36      EV:  9    Int:  6    God:    Yredelemnul [......]
Gold:   5364       SH: 13    Dex: 21    Spells: 24/24 levels left

rFire   + . .      SeeInvis +   V - +9 morningstar (freeze)
rCold   + . .      Faith    .   a - +3 warlock's mirror {reflect}
rNeg    + + +      Spirit   .   c - +9 crystal plate armour of Absence {Int+3}
rPois   ∞          Reflect  +   Q - +1 helmet of Zoydyos {Regen+}
rElec   .          Harm     .   t - +2 cloak of the Thief {*Fog Slay-2 SInv Stlth+}
rCorr   .          Rampage  ∞   W - +2 pair of gloves
Will    +++..                   H - +3 pair of seven-league boots {Rampage+∞}
Stlth   ..........              w - necklace of Bloodlust {*Rage Will++ Int-3 Slay+6}
HPRegen 0.00/turn               o - +6 ring of dexterity
MPRegen 0.25/turn               e - ring "Daenemir" {rF+ Str-5 Int+3 Dex+7 Slay+4}

@: inhibited regen, studying 2 skills
A: claws 1, cold resistance 1, negative energy resistance 3, inhibited
regeneration, torment resistance 2, devour on kill
}: 3/15 runes: decaying, serpentine, silver
a: Renounce Religion, Recall Undead Harvest


You were on level 1 of the Crypt.
You worshipped Yredelemnul.
Yredelemnul was greatly pleased with you.
You visited 10 branches of the dungeon, and saw 42 of its levels.
You visited the Abyss 1 time.
You also visited: Gauntlet, Ice Cave and Wizlab.

You collected 6488 gold pieces.
You spent 1124 gold pieces at shops.

Inventory:

Hand Weapons
 d - the +9 staff of Wucad Mu {*channel}
   (You found it in a wizard's laboratory)

   It occasionally powers its wielder's spells, but with a chance of causing
   confusion or draining the wielder's intelligence.
   It becomes more likely to activate and less likely to backfire with increased
   Evocations skill.
 N - the +8 flail of Gekoc {vamp, Will+ Stlth+}
   (You found it on level 4 of the Vaults)

   It occasionally heals its wielder for a portion of the damage dealt when it
   wounds a living foe.
   Will:      It increases your willpower.
   Stlth:     It makes you more stealthy.
 V - a +9 morningstar of freezing (weapon)
Missiles
 Z - 5 curare-tipped darts (quivered)
Armour
 a - the +3 warlock's mirror (worn) {reflect}
   (You acquired it on level 6 of the Lair of Beasts)

   It can block and reflect piercing ranged attacks and magical attacks against
   the wielder's willpower.
 c - the +9 crystal plate armour of Absence (worn) {Int+3}
   (You acquired it on level 7 of the Dungeon)

   Int:       It affects your intelligence (+3).
 t - the +2 cloak of the Thief (worn) {*Fog Slay-2 SInv Stlth+}
   (You found it on level 3 of the Elven Halls)

   It may release a thick cloud of smoke when the wearer is hurt.
   Slay:      It affects your accuracy & damage with ranged weapons and melee
   (-2).
   SInv:      It lets you see invisible.
   Stlth:     It makes you more stealthy.
 H - the +3 pair of seven-league boots (worn) {Rampage+∞}
   (You found it on level 7 of the Dungeon)

   Its wearer moves as far as possible in that direction when moving towards
   enemies.
 Q - the +1 helmet of Zoydyos (worn) {Regen+}
   (You found it in a Gauntlet)

   Regen:     It increases your rate of health regeneration.
 W - a +2 pair of gloves (worn)
Jewellery
 e - the ring "Daenemir" (right hand) {rF+ Str-5 Int+3 Dex+7 Slay+4}
   (You took it off a vault guard on level 5 of the Vaults)

   [ring of slaying]

   Str:       It affects your strength (-5).
   Int:       It affects your intelligence (+3).
   Dex:       It affects your dexterity (+7).
   Slay:      It affects your accuracy & damage with ranged weapons and melee
   (+4).
   rF:        It protects you from fire.
 o - a +6 ring of dexterity (left hand)
 p - a ring of protection from fire
 q - the ring "Zudobuf" {Fire *Slow Will++ Dex+5}
   (You took it off a deep elf annihilator on level 3 of the Elven Halls)

   [ring of fire]

   It enhances your fire magic.
   Dex:       It affects your dexterity (+5).
   rF:        It protects you from fire.
   rC:        It makes you vulnerable to cold.
   *Slow:     It may slow you when you take damage.
   Will:      It greatly increases your willpower.
 r - an amulet of reflection
 v - a ring of see invisible
 w - the necklace of Bloodlust (around neck) {*Rage Will++ Int-3 Slay+6}
   (You found it on level 4 of the Vaults)

   [amulet of nothing]

   It extends the wearer's berserk rage when killing foes.
   Int:       It affects your intelligence (-3).
   Slay:      It affects your accuracy & damage with ranged weapons and melee
   (+6).
   *Rage:     It berserks you when you make melee attacks (+50% chance).
   Will:      It greatly increases your willpower.
 E - a +6 ring of strength
 K - a ring of flight
 M - an amulet of regeneration
 P - a ring of resist corrosion
 U - a ring of willpower
Wands
 y - a wand of iceblast (15)
 A - a wand of paralysis (50)
 D - a wand of acid (29)
 F - a wand of mindburst (56)
 J - a wand of digging (26)
Scrolls
 b - 2 scrolls of fear
 f - 6 scrolls of magic mapping
 j - 3 scrolls of brand weapon
 k - 7 scrolls of blinking
 s - 8 scrolls of poison
 x - 5 scrolls of teleportation
 G - 3 scrolls of enchant weapon
 I - 6 scrolls of summoning
 L - a scroll of acquirement
 O - 6 scrolls of enchant armour
 S - a scroll of immolation
 T - 10 scrolls of amnesia
 X - a scroll of torment
 Y - 5 scrolls of fog
Potions
 g - 3 potions of might
 h - 13 potions of attraction
 i - 12 potions of curing
 l - 4 potions of haste
 m - 6 potions of heal wounds
 n - 2 potions of invisibility
 u - 7 potions of brilliance
 z - 7 potions of flight
 B - 3 potions of ambrosia
 C - 2 potions of magic
 R - 2 potions of cancellation


   Skills:
 + Level 21.1 Fighting
 - Level 8.6(12.9) Axes
 - Level 15.1(16.0) Maces & Flails
 - Level 15.0 Armour
 - Level 6.1 Dodging
 - Level 20.0 Shields
 - Level 20.0 Invocations
 - Level 15.0 Evocations


You had 24 spell levels left.
You didn't know any spells.
Your spell library contained the following spells:

 Spells                   Type           Power      Damage    Failure   Level
 Apportation              Tloc           0%         N/A       100%        1
 Foxfire                  Conj/Fire      0%         2x1d4     100%        1
 Sandblast                Erth           0%         2d4       100%        1
 Shock                    Conj/Air       0%         1d3       100%        1
 Sting                    Tmut/Pois      0%         1d3       100%        1
 Summon Small Mammal      Summ           0%         N/A       100%        1
 Blink                    Tloc           0%         N/A       100%        2
 Call Imp                 Summ           0%         N/A       100%        2
 Ensorcelled Hibernation  Hex/Ice        0%         N/A       100%        2
 Passwall                 Tmut/Erth      0%         N/A       100%        2
 Poisonous Vapours        Pois/Air       0%         N/A       100%        2
 Scorch                   Fire           0%         2d5       100%        2
 Static Discharge         Conj/Air       0%         3-3/arc   100%        2
 Call Canine Familiar     Summ           0%         N/A       100%        3
 Confusing Touch          Hex            0%         N/A       100%        3
 Conjure Flame            Conj/Fire      0%         6-21      100%        3
 Dazzling Flash           Conj/Hex       0%         N/A       100%        3
 Frozen Ramparts          Ice            0%         1d2       100%        3
 Gell's Gravitas          Tloc           0%         N/A       100%        3
 Inner Flame              Hex/Fire       0%         N/A       100%        3
 Lesser Beckoning         Tloc           0%         N/A       100%        3
 Ozocubu's Armour         Ice            0%         N/A       100%        3
 Portal Projectile        Hex/Tloc       0%         N/A       100%        3
 Stone Arrow              Conj/Erth      0%         3d7       100%        3
 Summon Guardian Golem    Hex/Summ       0%         N/A       100%        3
 Swiftness                Air            0%         N/A       100%        3
 Teleport Other           Tloc           0%         N/A       100%        3
 Airstrike                Air            0%         0-1+      100%        4
 Anguish                  Hex/Necr       0%         N/A       100%        4
 Animate Armour           Summ/Erth      0%         N/A       100%        4
 Cause Fear               Hex            0%         N/A       100%        4
 Corpse Rot               Necr/Pois/Air  0%         N/A       100%        4
 Dispel Undead            Necr           0%         3d6       100%        4
 Flame Wave               Conj/Fire      0%         2d4       100%        4
 Fulminant Prism          Conj/Hex       0%         3d6       100%        4
 Iskenderun's Mystic Bla  Conj/Tloc      0%         2d3       100%        4
 Leda's Liquefaction      Hex/Erth       0%         N/A       100%        4
 Olgreb's Toxic Radiance  Pois           0%         N/A       100%        4
 Petrify                  Tmut/Erth      0%         N/A       100%        4
 Sticky Flame             Conj/Fire      0%         2d3       100%        4
 Summon Ice Beast         Ice/Summ       0%         N/A       100%        4
 Summon Lightning Spire   Summ/Air       0%         N/A       100%        4
 Agony                    Necr           0%         N/A       100%        5
 Alistair's Intoxication  Tmut/Pois      0%         N/A       100%        5
 Lee's Rapid Deconstruct  Erth           0%         3d5*      100%        5
 Manifold Assault         Tloc           0%         N/A       100%        5
 Metabolic Englaciation   Hex/Ice        0%         N/A       100%        5
 Silence                  Hex/Air        0%         N/A       100%        5
 Summon Forest            Summ/Tloc      0%         N/A       100%        5
 Summon Mana Viper        Hex/Summ       0%         N/A       100%        5
 Yara's Violent Unravell  Hex/Tmut       0%         3d3       100%        5
 Dispersal                Tloc           0%         N/A       100%        6
 Iron Shot                Conj/Erth      0%         9d1       100%        6
 Summon Cactus Giant      Summ           0%         N/A       100%        6
 Enfeeble                 Hex            0%         N/A       100%        7
 Ozocubu's Refrigeration  Ice            0%         4d5       100%        7
 Discord                  Hex            0%         N/A       100%        8
 Fire Storm               Conj/Fire      0%         5d1       100%        9
 Ice Form                 Ice/Tmut       Unusable   N/A       N/A         4
 Blade Hands              Tmut           Unusable   N/A       N/A         5
 Death Channel            Necr           Unusable   N/A       N/A         6
 Statue Form              Tmut/Erth      Unusable   N/A       N/A         6
 Storm Form               Tmut/Air       Unusable   N/A       N/A         7

Dungeon Overview and Level Annotations

Branches:
Dungeon (15/15)            Temple (1/1) D:4            Lair (6/6) D:8
  Swamp (4/4) Lair:3        Snake (4/4) Lair:3        Slime (0/5) Lair:6
    Orc (2/2) D:11            Elf (3/3) Orc:2        Vaults (5/5) D:13
  Crypt (1/3) Vaults:3     Depths (1/4) D:15          IceCv (visited)
 WizLab (visited)         Gauntlet (visited)

Altars:
Ashenzari
Cheibriados
Dithmenos
Fedhas
Gozag
Hepliaklqana
Kikubaaqudgha
Makhleb
Nemelex Xobeh
Okawaru
Qazlal
Ru
Sif Muna
Trog
Uskayaw
Vehumet
Wu Jian
Xom
Yredelemnul
Jiyva

Shops:
D:4 :   Orc:1 *   Orc:2 [(*=(   Elf:1 !=   Vaults:2 [   Vaults:3 (

Portals:
Trove: Depths:1 (give 6 scrolls of fear)

Annotations:
Temple 2 transporters


Innate Abilities, Weirdness & Mutations

You are immune to poison.
You have sharp fingernails.
Your flesh is cold resistant. (rC+)
You are immune to negative energy. (rN+++)
You do not regenerate when monsters are visible.
You are immune to unholy pain and torment.
You thrive by killing the living.


Message History

Josephina misses you.
Josephina touches you but does no damage.
Unknown command.
You bludgeon Josephina!!
You destroy Josephina!
The ancient champion casts a spell at you.
The iron shot misses you.
The iron shot hits the naga warrior simulacrum!!
The titan simulacrum hits you! The titan simulacrum freezes you!! You resist.
* * * LOW HITPOINT WARNING * * *
With a swish of your cloak, you release a cloud of fog.
The soul eater hits you but does no damage.
The ancient champion hits you but does no damage.
You have finished your manual of Fighting and toss it away.
Your Fighting skill increases to level 21!
Unknown command.
The bunyip simulacrum attacks as you move away!
The bunyip simulacrum claws you!
* * * LOW HITPOINT WARNING * * *
The bunyip simulacrum freezes you! You resist.
* * * LOW HITPOINT WARNING * * *
You block the bunyip simulacrum's attack. x2
You block the ancient champion's attack.
The ancient champion attacks as you move away!
The ancient champion hits you but does no damage.
You block the ancient champion's attack.
Blink to where?
Press: ? - help, Dir - move target
As you read the scroll of blinking, it crumbles to dust.
The ancient champion points at you and mumbles some strange words.
The iron shot hits you but does no damage.
The ancient champion casts a spell at you.
The iron shot hits you!
* * * LOW HITPOINT WARNING * * *
You puncture the ancient champion! You freeze the ancient champion.
The ancient champion is moderately damaged.
The ancient champion hits you with a +2 vorpal battleaxe!!
* * * LOW HITPOINT WARNING * * *
You die...
Yredelemnul claims you as an undead slave.

#.# #..#######. ## #.# #.3# ..
#.# #..# ## #.# #..# #.# #..#
#.###..# #.. ##### #......#
#.###...#
##......######.##..(.#
#.......z@..##.##....#
###..#....###.##.##...####
#....#....###.##.###.....#
#.........##...#.# #.....#
###.........##...#.###.....###
#...........>.................
#####...##^.###.###...########
#...##..# #.# #...# #...##..#
#.#######


You could see an ancient champion (fast).

Vanquished Creatures
  An ancient lich (Vaults:5)
  Josephina (Crypt:1)
  Margery (Vaults:4)
  4 golden dragons (Vaults:5)
  2 bone dragons (Abyss:3)
  The ghost of Malachi the Eclecticist, an adept DjAE of Makhleb (Vaults:2)
  Jorgrun (D:13)
  A tentacled monstrosity (Vaults:5)
  Rupert (D:13)
  A lich (Abyss:3)
  2 quicksilver dragons (Vaults:5)
  4 titans
  A deep elf blademaster (Elf:3)
  An Executioner (Abyss:3)
  A deep elf master archer (Elf:3)
  Gastronok (D:8)
  7 sphinxes
  Agnes (Snake:3)
  Kirke (Swamp:2)
  3 thorn hunters
  A storm dragon (Vaults:5)
  A tengu reaver (Vaults:5)
  2 revenants
  2 shadow dragons (Vaults:5)
  3 fenstrider witches (Swamp:1)
  A frost giant (Vaults:5)
  Aizul (Snake:3)
  A caustic shrike zombie (Crypt:1)
  5 deep elf sorcerers (Elf:3)
  10 vault wardens
  11 ironbound preservers
  3 orc warlords
  3 ghouls (Swamp:2)
  An angel (Abyss:3)
  5 deep elf elementalists (Elf:3)
  A broodmother (shapeshifter) (Vaults:5)
  3 very ugly things
  3 war gargoyles (Vaults:5)
  4 ironbound thunderhulks
  3 stone giants
  6 eleionomae
  8 deep elf demonologists
  A vampire knight (Crypt:1)
  A white draconian (IceCv)
  6 dire elephants
  6 deep elf annihilators
  4 bunyips
  An ettin (Vaults:4)
  A minotaur (Gauntlet)
  Snorg (D:11)
  A crystal guardian (Vaults:4)
  2 green deaths
  3 eidola (Vaults:2)
  An orange crystal statue (WizLab)
  6 deep elf death magi
  A fire dragon (Lair:6)
  A jiangshi (Crypt:1)
  2 shambling mangroves
  8 yaktaur captains
  7 deep elf high priests
  An ice dragon (D:15)
  5 great orbs of eyes
  20 hydras
  2 spectral fenstrider witches (Swamp:4)
  3 boulder beetles
  24 vault guards
  A spriggan air mage (Swamp:3)
  A peacekeeper (Vaults:4)
  A salamander tyrant (Snake:2)
  8 ironbound frosthearts
  3 centaur warriors (D:14)
  9 naga warriors
  A ghost crab (Swamp:3)
  6 two-headed ogres
  A tengu warrior (D:13)
  6 alligators
  10 anacondas
  An orc high priest (Orc:2)
  8 death yaks (Lair:3)
  31 dancing weapons
  2 vampire magi
  A spriggan berserker (Swamp:3)
  3 thrashing horrors (Abyss:3)
  3 deep troll earth magi
  14 deep elf knights
  4 hell knights
  8 shock serpents
  A soul eater (Crypt:1)
  10 naga sharpshooters
  3 salamander mystics
  A titan skeleton (Crypt:1)
  3 goliath frogs
  A shadow wraith (Vaults:2)
  A glowing orange brain (shapeshifter) (D:15)
  2 spriggan druids
  A spriggan rider (Swamp:4)
  20 deep trolls
  A bunyip zombie (Crypt:1)
  12 deep elf archers
  2 bunyip skeletons (Crypt:1)
  8 naga ritualists
  A flayed ghost (Vaults:5)
  2 glowing orange brains
  6 sea snakes (Snake:2)
  11 wizards
  5 starcursed masses (Abyss:3)
  A swamp dragon (shapeshifter) (Vaults:5)
  14 swamp dragons
  10 ironbound convokers
  6 phantasmal warriors
  4 bog bodies
  6 orc knights
  9 necromancers
  17 lindwurms
  24 deep elf zephyrmancers
  2 wolf spider zombies (D:15)
  5 harpies (Vaults:1)
  An anaconda skeleton (Crypt:1)
  48 ugly things
  4 cyclopes
  3 oklob plants (Lair:1)
  3 orc sorcerers (Orc:2)
  9 mana vipers
  A wolf spider (D:15)
  28 deep elf pyromancers
  2 manticores
  A mana viper (shapeshifter) (Elf:2)
  20 salamanders
  A stone giant zombie (Crypt:1)
  A manticore (shapeshifter) (Vaults:3)
  7 will-o-the-wisps
  A jorogumo skeleton (Crypt:1)
  6 guardian serpents
  Maurice (D:8)
  5 moths of wrath (Vaults:4)
  An elephant (shapeshifter) (Elf:3)
  17 vault sentinels
  11 centaur zombies (D:15)
  A naga zombie (Crypt:1)
  13 naga magi
  An apocalypse crab (Abyss:3)
  21 elephants
  26 black mambas
  3 smoke demons (Abyss:3)
  A titan simulacrum (Vaults:3)
  3 torpor snails (Lair:6)
  A gargoyle (D:12)
  An orange demon (Gauntlet)
  9 cane toads
  32 yaktaurs
  A redback zombie (D:15)
  2 unseen horrors
  3 freezing wraiths
  17 rime drakes
  A spectral death drake (Swamp:4)
  A kobold demonologist (D:7)
  8 komodo dragons
  A tengu conjurer (D:14)
  A grey draconian skeleton (Crypt:1)
  2 guardian mummies (Crypt:1)
  4 trolls
  A bloated husk (Swamp:4)
  14 polar bears
  3 meliai
  10 tyrant leeches
  7 blink frogs
  12 hornets
  A harpy skeleton (Crypt:1)
  23 slime creatures
  A meliai zombie (D:15)
  A jumping spider (Vaults:3)
  A spriggan (shapeshifter) (D:14)
  2 black mamba zombies
  A spriggan (Swamp:1)
  3 air elementals
  2 shadows
  A culicivora (Vaults:3)
  A vampire (D:7)
  A yak (shapeshifter) (D:14)
  2 wraiths
  2 fire elementals (Elf:3)
  A ynoxinul (Abyss:3)
  A hog (Swamp:2)
  12 humans (D:13)
  3 wyverns
  43 yaks
  A hog (shapeshifter) (Vaults:5)
  Grum (D:8)
  4 large abominations (Abyss:3)
  Menkaure (D:6)
  4 basilisks
  2 steam dragons
  The ghost of Malachi the Shooter, an amateur DsHu (D:3)
  2 neqoxecs (Abyss:3)
  33 nagas
  15 swamp worms
  A warg (Orc:2)
  A merfolk zombie (Crypt:1)
  14 vampire mosquitoes
  Edmund (D:5)
  22 water moccasins
  3 acid dragons
  A water moccasin (shapeshifter) (Elf:3)
  2 sky beasts (D:7)
  4 swamp drakes
  4 ice beasts
  20 orc warriors
  An elf simulacrum (Vaults:3)
  The ghost of Jano the Chopper, an amateur HOFi (D:3)
  5 black bears
  A hornet zombie (D:15)
  3 ogres
  14 wolves
  A shining eye zombie (Crypt:1)
  A manticore skeleton (Crypt:1)
  5 small abominations (Abyss:3)
  8 centaurs
  A phantom (D:7)
  2 kobold brigands
  11 bullfrogs
  3 necrophages
  3 human skeletons
  4 scorpions
  3 earth elementals (Elf:1)
  A gnoll sergeant (D:12)
  5 wights
  3 killer bees (D:9)
  A shapeshifter zombie (Crypt:1)
  6 electric eels
  3 howler monkeys
  A quasit (Abyss:3)
  A hound (D:6)
  2 human zombies (Crypt:1)
  9 orc priests
  Crazy Yiuf (D:2)
  The ghost of ertgterg the Vexing, a weakling FeEn (D:3)
  2 gnoll boudas
  11 jellies
  Ijyb (D:3)
  3 iguanas
  6 hell rats (Lair:3)
  19 orc wizards
  4 mummies (Crypt:1)
  8 adders
  14 gnolls
  2 shadow imps (Gauntlet)
  7 white imps
  An ufetubus (D:4)
  A worm (D:4)
  A dart slug (D:1)
  55 orcs
  9 endoplasms
  4 giant cockroaches
  10 goblins
  6 hobgoblins
  6 jackals
  11 kobolds
  5 quokkas
  6 ball pythons
  8 bats
  4 frilled lizards
  2 goblin zombies (D:3)
  2 hobgoblin zombies (D:3)
  A jackal zombie (Crypt:1)
  A kobold skeleton (D:3)
  2 orc skeletons (D:3)
  5 rats
  A bush (Lair:1)
1462 creatures vanquished.

Vanquished Creatures (collateral kills)
  An ancient lich (Vaults:5)
  A shard shrike (IceCv)
  A golden dragon (Vaults:5)
  2 bone dragons
  A titan (Vaults:5)
  2 quicksilver dragons
  3 deep elf blademasters (Elf:3)
  A sphinx (Vaults:3)
  An eldritch tentacle (Vaults:2)
  A revenant (Vaults:2)
  4 nagarajas
  A fire giant (Vaults:5)
  2 vault wardens
  A deep elf sorcerer (Vaults:1)
  The ghost of Keguf the Severer, a journeyman DsMo of Trog (Swamp:4)
  2 deep elf elementalists (Elf:3)
  2 ghouls
  An ironbound thunderhulk (Vaults:3)
  An ironbound preserver (Vaults:1)
  3 deep elf demonologists (Elf:3)
  2 stone giants
  An eleionoma (Swamp:2)
  A very ugly thing (D:15)
  An entropy weaver (Vaults:3)
  A deep elf annihilator (Elf:3)
  A dire elephant (Vaults:2)
  A bunyip (Swamp:2)
  An eidolon (Vaults:2)
  A green death (Snake:1)
  3 deep elf death magi
  A deep elf high priest (Elf:3)
  3 yaktaur captains
  2 great orbs of eyes (Vaults:1)
  A salamander tyrant (Snake:4)
  An ice dragon (IceCv)
  2 spectral fenstrider witches (Swamp:4)
  3 hydras
  8 vault guards
  A ghost crab (Swamp:3)
  3 ironbound frosthearts (IceCv)
  2 centaur warriors (D:13)
  A two-headed ogre (D:14)
  2 alligators
  2 naga warriors
  5 dancing weapons
  A death yak (Lair:3)
  A thrashing horror (Abyss:3)
  2 shock serpents (Snake:4)
  4 naga sharpshooters
  A deep elf knight (Elf:2)
  An ogre zombie (Vaults:2)
  3 salamander mystics
  2 spectral spriggans (Swamp:4)
  A shadow wraith (Vaults:2)
  2 swamp dragons (Swamp:4)
  A spriggan druid (Swamp:3)
  An orange crystal statue (IceCv)
  2 glowing orange brains
  2 deep trolls
  2 flayed ghosts
  A goliath frog (Swamp:3)
  A sphinx zombie (Vaults:2)
  3 naga ritualists (Snake:4)
  A fenstrider witch simulacrum (Swamp:4)
  An ironbound convoker (Vaults:5)
  5 orc knights
  A necromancer (Vaults:3)
  A deep elf archer (Elf:3)
  A phantasmal warrior (Vaults:5)
  3 mana vipers
  An orc sorcerer (Elf:2)
  15 ugly things
  9 salamanders
  2 cyclopes (Vaults:4)
  2 guardian serpents (Snake:4)
  2 moths of wrath (Vaults:4)
  5 black mambas
  9 elephants
  2 torpor snails (Lair:6)
  2 naga magi (Snake:4)
  4 vault sentinels
  6 yaktaurs
  3 rime drakes (IceCv)
  A spectral death drake (Swamp:4)
  A freezing wraith (Vaults:2)
  A silent spectre (Vaults:4)
  A troll (D:13)
  A polar bear (IceCv)
  A tarantella (Vaults:3)
  2 tyrant leeches (Swamp:2)
  2 hornets (Lair:6)
  2 slime creatures
  A raiju (Abyss:3)
  3 blink frogs (Lair:6)
  A spriggan (Swamp:4)
  3 yaks
  8 humans (D:13)
  A basilisk (D:14)
  2 neqoxecs (Abyss:3)
  A steam dragon (D:7)
  4 vampire mosquitoes
  A chaos spawn (Abyss:3)
  2 swamp worms
  A glowing shapeshifter zombie (Vaults:3)
  13 nagas
  A warg (Orc:2)
  2 water moccasins
  An ice beast (Vaults:2)
  3 swamp drakes
  5 orc warriors
  A spriggan simulacrum (Swamp:4)
  A boggart (Vaults:4)
  An ogre (D:7)
  3 wolves
  2 centaurs (D:13)
  A rime drake zombie (IceCv)
  2 yaktaur zombies (Vaults:2)
  A kobold brigand (D:7)
  A necrophage (D:7)
  A bullfrog (Lair:1)
  A wight (D:8)
  7 electric eels
  A hound (D:6)
  4 jellies
  2 orc priests (Orc:2)
  An iguana (D:7)
  4 orc wizards (Orc:2)
  A gnoll (D:9)
  An adder (D:5)
  A white imp (Abyss:3)
  12 orcs
  An endoplasm (Lair:6)
  6 kobolds
  A lurking horror (Abyss:3)
  A plant (Swamp:3)
311 creatures vanquished.

Vanquished Creatures (others)
  A deep elf high priest (Vaults:5)
  3 spriggan zombies
  A wizard (Vaults:2)
  2 anaconda zombies
  3 golden dragon zombies (Vaults:5)
  A broodmother zombie (Vaults:5)
  10 ugly thing zombies
  31 human zombies
  A tengu zombie (Vaults:5)
  2 deep elf zephyrmancers (Elf:3)
  3 sphinx zombies
  3 dire elephant zombies
  2 shock serpent zombies
  A spectral soul eater (Crypt:1)
  A sea snake zombie (Snake:2)
  An unseen horror zombie (D:12)
  2 spectral glowing orange brains
  2 swamp worm zombies
  A harpy zombie (Vaults:1)
  2 hydra zombies
  4 bloated husks
  6 mana viper zombies
  A hornet (Swamp:1)
  2 guardian serpent zombies (Snake:4)
  3 great orb of eyes zombies
  A moth of wrath zombie (Vaults:4)
  11 black mamba zombies
  A tyrant leech zombie (Swamp:1)
  4 humans (Swamp:2)
  A swamp worm (Swamp:4)
  5 deep troll zombies
  2 two-headed ogre zombies
  A cane toad zombie (Lair:1)
  4 hornet zombies
  2 elephant zombies (Lair:6)
  2 lindwurm zombies
  A swamp dragon zombie (Swamp:4)
  24 elf zombies
  A hog zombie (Swamp:2)
  2 vampire mosquito zombies
  2 spectral neqoxecs (Abyss:3)
  A small abomination (Abyss:3)
  4 rime drake zombies (IceCv)
  4 salamander zombies
  11 yaktaur zombies
  2 komodo dragon zombies (Lair:6)
  A water moccasin zombie (D:7)
  3 yak zombies
  A polar bear zombie (IceCv)
  A troll zombie (D:7)
  3 wolf zombies (Lair:5)
  4 centaur zombies
  2 basilisk zombies
  A black bear zombie (D:7)
  A scorpion zombie (D:5)
  7 naga zombies
  An ice beast zombie (D:7)
  An acid dragon zombie (D:7)
  A hound zombie (D:6)
  3 spectral electric eels
  A hell rat zombie (Lair:3)
  A steam dragon zombie (D:7)
  2 swamp drake zombies (Swamp:4)
  An adder zombie (D:6)
  2 iguana zombies (D:7)
  3 jelly zombies
  An orc (D:9)
  A gnoll zombie (D:6)
  3 endoplasm zombies (Lair:6)
  4 kobold zombies (D:7)
  25 orc zombies
  A briar patch (Swamp:4)
  3 demonic plants (Gauntlet)
  13 foxfires
  67 fungi
  A lurking horror (Abyss:3)
  164 plants
498 creatures vanquished.

Grand Total: 2271 creatures vanquished

Notes
Turn   | Place    | Note
-------+----------+-------------------------------------------
     0 | D:1      | Malachi the Ghoul Fighter began the quest for the Orb.
     0 | D:1      | Reached XP level 1. HP: 19/19 MP: 0/0
   279 | D:1      | Reached XP level 2. HP: 26/26 MP: 1/1
   491 | D:1      | Found a faded altar of an unknown god.
   713 | D:1      | Reached XP level 3. HP: 31/31 MP: 2/2
  1358 | D:2      | Reached XP level 4. HP: 37/38 MP: 3/3
  1571 | D:2      | Found a runed translucent door.
  1572 | D:2      | Noticed Crazy Yiuf
  1581 | D:2      | Killed Crazy Yiuf
  2233 | D:3      | Reached XP level 5. HP: 42/45 MP: 1/4
  2420 | D:3      | Found a runed translucent gate.
  2421 | D:3      | Found a runed translucent gate.
  2421 | D:3      | Found a runed translucent gate.
  2422 | D:3      | Noticed Malachi's ghost (amateur DsHu)
  2424 | D:3      | Noticed ertgterg's ghost (weakling FeEn)
  2424 | D:3      | Noticed Jano's ghost (amateur HOFi)
  2450 | D:3      | Killed Malachi's ghost
  2451 | D:3      | Reached skill level 5 in Axes
  2451 | D:3      | Reached XP level 6. HP: 47/51 MP: 1/5
  2459 | D:3      | Killed Jano's ghost
  2462 | D:3      | Killed ertgterg's ghost
  2844 | D:3      | Noticed Ijyb
  2851 | D:3      | Killed Ijyb
  3375 | D:4      | Found Cagaklut's Book Emporium.
  3626 | D:4      | Reached XP level 7. HP: 57/57 MP: 4/6
  3685 | D:4      | You fall into a shaft and drop 1 floor!
  3685 | D:5      | Entered Level 5 of the Dungeon
  3844 | D:4      | Found a staircase to the Ecumenical Temple.
  3858 | Temple   | Entered the Ecumenical Temple
  3858 | Temple   | Found a transporter.
  3858 | Temple   | Found a transporter.
  3885 | Temple   | Found a transporter.
  3885 | Temple   | Found a transporter.
  3914 | Temple   | Became a worshipper of Yredelemnul the Dark
  4009 | D:4      | Reached * piety under Yredelemnul
  4569 | D:5      | Reached ** piety under Yredelemnul
  4570 | D:5      | Reached XP level 8. HP: 63/63 MP: 0/7
  4724 | D:5      | Noticed Edmund
  4744 | D:5      | Killed Edmund
  5150 | D:5      | Found a blossoming altar of Fedhas.
  5151 | D:5      | Found a radiant altar of Vehumet.
  5436 | D:5      | Reached skill level 1 in Maces & Flails
  5442 | D:5      | Reached *** piety under Yredelemnul
  6262 | D:6      | Noticed Menkaure
  6270 | D:6      | Killed Menkaure
  6455 | D:6      | Reached skill level 5 in Maces & Flails
  6668 | D:6      | Reached XP level 9. HP: 30/70 MP: 3/8
  7713 | D:7      | Noticed a troll
  7728 | D:7      | Killed a troll
  8081 | D:7      | Identified the +7 rapier "Grim Tooth" {antimagic, Drain rF-
                  | Will+++ rCorr Int+3}
  8081 | D:7      | Noticed a deep elf pyromancer
  8093 | D:7      | Killed a deep elf pyromancer
  8228 | D:7      | Found the +3 pair of seven-league boots {Rampage+∞}
  8355 | D:7      | Reached XP level 10. HP: 58/77 MP: 4/9
  8392 | D:7      | Noticed a boulder beetle
  8416 | D:7      | Reached skill level 10 in Maces & Flails
  8838 | D:7      | Killed a boulder beetle
  9088 | D:7      | Noticed a cyclops
  9092 | D:7      | Noticed a two-headed ogre
  9093 | D:7      | Killed a cyclops
  9103 | D:7      | Killed a two-headed ogre
  9103 | D:7      | Reached **** piety under Yredelemnul
  9240 | D:7      | Reached XP level 11. HP: 37/82 MP: 5/10
  9840 | D:7      | Noticed a two-headed ogre
  9848 | D:7      | Killed a two-headed ogre
 10492 | D:7      | Identified a scroll of acquirement
 10492 | D:7      | Acquired the +9 crystal plate armour of Absence {Int+3}
 10700 | D:8      | Noticed Gastronok
 10712 | D:8      | Killed Gastronok
 10713 | D:8      | Reached skill level 5 in Fighting
 10931 | D:8      | Found a staircase to the Lair.
 10942 | D:8      | Reached skill level 6 in Fighting
 10945 | D:8      | Noticed Grum
 10951 | D:8      | Killed Grum
 10995 | D:8      | Reached ***** piety under Yredelemnul
 11138 | D:8      | Reached skill level 7 in Fighting
 11400 | D:8      | Noticed Maurice
 11403 | D:8      | Paralysed by Maurice for 5 turns
 11416 | D:8      | Killed Maurice
 11865 | D:9      | Noticed a two-headed ogre
 12011 | D:9      | Reached skill level 8 in Fighting
 12120 | D:9      | Killed a two-headed ogre
 12121 | D:9      | Reached skill level 9 in Fighting
 12845 | Lair:1   | Entered Level 1 of the Lair of Beasts
 12854 | Lair:1   | Noticed a six-headed hydra
 12861 | Lair:1   | Killed a six-headed hydra
 12862 | Lair:1   | Reached skill level 10 in Fighting
 12862 | Lair:1   | Reached XP level 12. HP: 92/106 MP: 6/11
 12996 | Lair:1   | Reached skill level 1 in Invocations
 13045 | Lair:1   | Reached skill level 11 in Fighting
 13387 | Lair:1   | Found a blossoming altar of Fedhas.
 14123 | Lair:2   | Reached skill level 5 in Invocations
 14284 | Lair:2   | Identified the +7 flail "Daneobru" {vorpal, Dex+4}
 14588 | Lair:2   | Reached skill level 12 in Fighting
 15119 | Lair:3   | Noticed a death yak
 15119 | Lair:3   | Noticed a death yak
 15120 | Lair:3   | Noticed a death yak
 15124 | Lair:3   | Killed a death yak
 15132 | Lair:3   | Killed a death yak
 15134 | Lair:3   | Killed a death yak
 15428 | Lair:3   | Noticed a death yak
 15430 | Lair:3   | Noticed a death yak
 15430 | Lair:3   | Noticed a death yak
 15430 | Lair:3   | Noticed a death yak
 15431 | Lair:3   | Noticed a death yak
 15431 | Lair:3   | Noticed a death yak
 15437 | Lair:3   | Killed a death yak
 15438 | Lair:3   | Reached XP level 13. HP: 118/118 MP: 12/18
 15450 | Lair:3   | Reached ****** piety under Yredelemnul
 15451 | Lair:3   | Reached skill level 10 in Invocations
 15634 | Lair:3   | Found a staircase to the Snake Pit.
 15755 | Lair:3   | Found a staircase to the Swamp.
 16703 | Lair:4   | Found a gate leading to a gauntlet.
 16717 | Gauntlet | Entered a Gauntlet
 16717 | Gauntlet | Found a transporter.
 16717 | Gauntlet | Found a transporter.
 16727 | Gauntlet | Found a transporter.
 16737 | Gauntlet | Found a transporter.
 16749 | Gauntlet | Found a transporter.
 16759 | Gauntlet | Found a transporter.
 16773 | Gauntlet | Found a transporter.
 16790 | Gauntlet | Found a transporter.
 16796 | Gauntlet | Found a transporter.
 16823 | Gauntlet | Found a transporter.
 16826 | Gauntlet | Found a transporter.
 16834 | Gauntlet | Noticed a green death
 16890 | Gauntlet | Found a transporter.
 16947 | Gauntlet | Killed a green death
 16958 | Gauntlet | Identified the +1 helmet of Zoydyos {Regen+}
 17075 | Gauntlet | Identified the +8 scale mail of Day {rC+ Stlth+}
 17075 | Gauntlet | Noticed a minotaur
 17087 | Gauntlet | Killed a minotaur
 17949 | Lair:5   | Reached XP level 14. HP: 56/126 MP: 5/23
 18141 | Lair:5   | Reached skill level 15 in Invocations
 19219 | Lair:6   | Entered Level 6 of the Lair of Beasts
 19417 | Lair:6   | Found a staircase to the Slime Pits.
 19417 | Lair:6   | Found a viscous altar of Jiyva.
 19429 | Lair:6   | Reached skill level 5 in Armour
 19455 | Lair:6   | Reached skill level 13 in Fighting
 19866 | Lair:6   | Acquired the +3 warlock's mirror {reflect}
 19866 | Lair:6   | Found the +3 warlock's mirror {reflect}
 20323 | Lair:6   | Found a runed translucent door.
 20508 | Lair:6   | Reached skill level 14 in Fighting
 21018 | D:10     | Entered Level 10 of the Dungeon
 21211 | D:10     | Reached XP level 15. HP: 138/138 MP: 21/25
 21955 | D:11     | Noticed Snorg
 21967 | D:11     | Killed Snorg
 22260 | D:11     | Found a staircase to the Orcish Mines.
 22612 | Orc:1    | Entered Level 1 of the Orcish Mines
 22975 | Orc:1    | Found Tuuxuoli's Tempting Trifles.
 23044 | Orc:2    | Entered Level 2 of the Orcish Mines
 23141 | Orc:2    | Found a radiant altar of Vehumet.
 23143 | Orc:2    | Found Pebrom's Antique Weapon Boutique.
 23346 | Orc:2    | Paralysed by an orc sorcerer for 4 turns
 23453 | Orc:2    | Reached skill level 15 in Fighting
 23622 | Orc:2    | Noticed an orc warlord
 23623 | Orc:2    | Found Ipnuocok's General Store.
 23637 | Orc:2    | Killed an orc warlord
 23649 | Orc:2    | Found Kinnycen's Jewellery Boutique.
 23658 | Orc:2    | Found Qociq's Antique Armour Boutique.
 23682 | Orc:2    | Found Elitsucs's Antique Weapon Boutique.
 23860 | Orc:2    | Bought an amulet of reflection for 330 gold pieces
 23902 | Orc:2    | Bought a pair of runed gloves for 255 gold pieces
 24065 | Orc:2    | Found a staircase to the Elven Halls.
 24243 | Orc:2    | Bought a smoking flail for 195 gold pieces
 24243 | Orc:2    | Identified the +6 flail of the Traitor {venom, rElec rF+
                  | Dex+4} (You bought it in a shop on level 2 of the Orcish
                  | Mines)
 24243 | Orc:2    | Bought a crude great mace for 264 gold pieces
 24243 | Orc:2    | Identified the +7 great mace "Ogrebane" {flame, Fly Will-
                  | Str+3} (You bought it in a shop on level 2 of the Orcish
                  | Mines)
 25947 | D:13     | Reached skill level 5 in Shields
 26009 | D:13     | Noticed Rupert
 26026 | D:13     | Killed Rupert
 26139 | D:13     | Noticed Jorgrun
 26150 | D:13     | Killed Jorgrun
 26408 | D:13     | Your ally Rupert died
 26473 | D:13     | Found a gate to the Vaults.
 26650 | D:13     | Found a shimmering altar of Xom.
 26650 | D:13     | Found a shimmering altar of Xom.
 26651 | D:13     | Found a shimmering altar of Xom.
 26651 | D:13     | Found a shimmering altar of Xom.
 26651 | D:13     | Found a shimmering altar of Xom.
 26651 | D:13     | Found a shimmering altar of Xom.
 26750 | D:13     | Found a shimmering altar of Xom.
 26751 | D:13     | Found a shimmering altar of Xom.
 26936 | D:14     | Reached XP level 16. HP: 149/149 MP: 26/26
 27476 | D:14     | Reached skill level 10 in Shields
 27690 | D:15     | Entered Level 15 of the Dungeon
 27803 | D:15     | Found a frozen archway.
 27937 | IceCv    | Entered an ice cave
 28577 | IceCv    | Noticed a shard shrike
 28769 | IceCv    | Killed a shard shrike
 28882 | IceCv    | Identified the ring "Jamicewn" {rC- rCorr Int+6 Dex+2
                  | Slay+2}
 29433 | D:15     | Reached XP level 17. HP: 139/156 MP: 27/27
 29469 | D:15     | Found a basalt altar of Yredelemnul.
 29723 | D:15     | Found a broken altar of Ashenzari.
 30020 | D:15     | Found a staircase to the Depths.
 30268 | Depths:1 | Entered Level 1 of the Depths
 30269 | Depths:1 | Found a portal to a secret trove of treasure.
 30644 | Snake:1  | Entered Level 1 of the Snake Pit
 30925 | Snake:1  | Found a runed translucent door.
 30957 | Snake:1  | Reached skill level 15 in Maces & Flails
 32701 | Snake:3  | Noticed Agnes
 32710 | Snake:3  | Killed Agnes
 32711 | Snake:3  | Reached skill level 15 in Shields
 32711 | Snake:3  | Reached XP level 18. HP: 141/163 MP: 28/28
 32738 | Snake:3  | Noticed Aizul
 32748 | Snake:3  | Killed Aizul
 32882 | Snake:3  | Your ally Agnes died
 32961 | Snake:3  | Identified the +10 plate armour of Depression {*Slow rC+
                  | Str+4 Int+5}
 33477 | Snake:4  | Entered Level 4 of the Snake Pit
 34633 | Snake:4  | Reached XP level 19. HP: 98/170 MP: 29/29
 34642 | Snake:4  | Got a serpentine rune of Zot
 34955 | Swamp:1  | Entered Level 1 of the Swamp
 35006 | Swamp:1  | Paralysed by a fenstrider witch for 2 turns
 35588 | Swamp:2  | Noticed Kirke
 35604 | Swamp:2  | Killed Kirke
 37221 | Swamp:4  | Entered Level 4 of the Swamp
 38009 | Swamp:4  | Got a decaying rune of Zot
 38163 | Swamp:4  | Found a runed translucent gate.
 38166 | Swamp:4  | Found a runed translucent gate.
 38244 | Swamp:4  | Found a runed translucent gate.
 38248 | Swamp:4  | Noticed Keguf's ghost (journeyman DsMo)
 38273 | Swamp:4  | Killed Keguf's ghost
 38279 | Swamp:4  | Reached XP level 20. HP: 178/178 MP: 22/31
 38787 | Elf:1    | Entered Level 1 of the Elven Halls
 38849 | Elf:1    | Found Peshyix's Jewellery Emporium.
 38849 | Elf:1    | Found Oho Fys's Distillery.
 38884 | Elf:1    | Bought a potion of heal wounds for 80 gold pieces
 39024 | Elf:1    | Got Wiafaif's Discursus on Command
 39298 | Elf:1    | You fall into a shaft and drop 1 floor!
 39638 | Elf:2    | Found a huge runed translucent gate.
 39639 | Elf:2    | Found a huge runed translucent gate.
 39640 | Elf:2    | Found a huge runed translucent gate.
 39641 | Elf:2    | Found a huge runed translucent gate.
 39642 | Elf:2    | Found a huge runed translucent gate.
 41574 | Elf:3    | Entered Level 3 of the Elven Halls
 41603 | Elf:3    | Paralysed by an air elemental for 1 turns
 42096 | Abyss:3  | Cast into level 3 of the Abyss (a deep elf sorcerer)
 42098 | Abyss:3  | Found a corrupted altar of Lugonu.
 42117 | Abyss:3  | Upgraded the game from 0.29-a0-847-g24c0ca63c9 to
                  | 0.29-a0-866-g0545e20025
 42229 | Abyss:3  | Paralysed by an air elemental for 1 turns
 42267 | Abyss:3  | Noticed a bone dragon
 42286 | Abyss:3  | Killed a bone dragon
 42312 | Abyss:3  | Reached skill level 10 in Armour
 42403 | Abyss:3  | Reached XP level 21. HP: 129/184 MP: 32/34
 42475 | Abyss:3  | Noticed a bone dragon
 42484 | Abyss:3  | Killed a bone dragon
 42536 | Abyss:3  | Noticed a bone dragon
 42549 | Abyss:3  | Killed a bone dragon
 42570 | Elf:3    | Escaped the Abyss
 42675 | Elf:3    | Identified the ring "Zudobuf" {Fire *Slow Will++ Dex+5}
 42685 | Elf:3    | Identified the +3 rapier of Sequestration {vamp, rF+ rC+
                  | Str+2 Int+3 Dex+3}
 42689 | Elf:3    | Identified the ring of Pyafyr {rF+ Str+2}
 42862 | Elf:3    | Identified the +7 scimitar of Mumearef {drain, Int+4 Dex+4}
 42902 | Elf:3    | Found the +2 cloak of the Thief {*Fog Slay-2 SInv Stlth+}
 42990 | Elf:3    | Identified the +4 lajatang "Zetzycve" {flame, rF+ SInv}
 43184 | Elf:3    | Got the Monograph on Ozone and Heat
 43192 | Elf:3    | Identified the +0 dagger of Conformity {drain, Int+5}
 43340 | Elf:3    | Found a runed translucent door.
 43698 | Vaults:1 | Entered Level 1 of the Vaults
 43733 | Vaults:1 | Reached skill level 1 in Evocations
 45164 | Vaults:2 | Found a runed translucent gate.
 45164 | Vaults:2 | Found a runed translucent gate.
 45164 | Vaults:2 | Found a runed translucent gate.
 45165 | Vaults:2 | Noticed Malachi's ghost (adept DjAE)
 45229 | Vaults:2 | Identified the +5 quarterstaff of the Ornamental God
                  | {vorpal, Int+4}
 45331 | Vaults:2 | Reached XP level 22. HP: 184/192 MP: 35/35
 45513 | Vaults:2 | Found Noniyrr's Antique Armour Shoppe.
 45533 | Vaults:2 | Reached skill level 5 in Evocations
 46222 | Vaults:2 | Reached skill level 15 in Armour
 46239 | Vaults:2 | Killed Malachi's ghost
 46525 | Vaults:3 | Found a staircase to the Crypt.
 46590 | Vaults:3 | Found a magical portal.
 46595 | WizLab   | Entered Wucad Mu's Monastery
 47057 | WizLab   | Found the +9 staff of Wucad Mu {*channel}
 47338 | Vaults:3 | Reached XP level 23. HP: 199/199 MP: 36/36
 47932 | Vaults:3 | Reached skill level 10 in Evocations
 48451 | Vaults:3 | Found Kyga's Weapon Shoppe.
 49208 | Vaults:4 | Identified the +8 flail of Gekoc {vamp, Will+ Stlth+}
 49294 | Vaults:4 | Found a transporter.
 49322 | Vaults:4 | Identified the +0 chain mail of the Jolly Stories {Regen+
                  | Str-4 Dex+5}
 49731 | Vaults:4 | Noticed Margery
 49746 | Vaults:4 | Killed Margery
 49747 | Vaults:4 | Reached XP level 24. HP: 195/206 MP: 36/36
 49982 | Vaults:4 | Found a transporter.
 49982 | Vaults:4 | Found a runed translucent door.
 49982 | Vaults:4 | Found a bloodstained altar of Trog.
 49982 | Vaults:4 | Found the necklace of Bloodlust {*Rage Will++ Int-3 Slay+6}
 50070 | Vaults:4 | Identified the +4 crystal plate armour "Ikhluj" {*Corrode
                  | rElec rPois Int+4}
 50136 | Vaults:4 | Identified the +4 battleaxe of Bazur {freeze, +Blink Str+3}
 50268 | Vaults:5 | Entered Level 5 of the Vaults
 50269 | Vaults:5 | Noticed an ancient lich
 50426 | Vaults:5 | Identified the +6 shortbow "Murmur" {flame, rF+}
 50619 | Vaults:5 | Reached skill level 15 in Evocations
 50666 | Vaults:5 | Killed an ancient lich
 50674 | Vaults:5 | Got a silver rune of Zot
 50759 | Vaults:5 | Identified the +4 scale mail of the Desolation of Salt {rN+
                  | Str-2 Int+10}
 50784 | Vaults:5 | Reached skill level 16 in Fighting
 50807 | Vaults:5 | Identified the +9 dagger of Juele {venom, Str+3}
 50928 | Vaults:5 | Reached skill level 17 in Fighting
 51000 | Vaults:5 | Noticed an ancient lich
 51009 | Vaults:5 | Killed an ancient lich
 51031 | Vaults:5 | Reached skill level 18 in Fighting
 51299 | Vaults:5 | Reached skill level 19 in Fighting
 51383 | Vaults:5 | Identified the +7 flail "Zisup" {drain, rElec rPois Int-3
                  | Dex+6}
 51451 | Vaults:5 | Identified the ring "Daenemir" {rF+ Str-5 Int+3 Dex+7
                  | Slay+4}
 51711 | Vaults:5 | Reached XP level 25. HP: 201/231 MP: 36/36
 51880 | Crypt:1  | Entered Level 1 of the Crypt
 51912 | Crypt:1  | Reached skill level 20 in Fighting
 52179 | Crypt:1  | Found a basalt altar of Yredelemnul.
 52463 | Crypt:1  | Identified the ring of Abstinence {Ice rElec rN+ MP-9
                  | Str+4}
 52463 | Crypt:1  | Noticed Josephina
 52479 | Crypt:1  | Killed Josephina
 52480 | Crypt:1  | Reached skill level 21 in Fighting
 52494 | Crypt:1  | HP: 5/235 [ancient champion/+2 vorpal battleaxe (18)]
 52494 | Crypt:1  | Slain by an ancient champion

Illustrated notes

Levels and vault maps discovered:
D:1:      dpeg_arrival_subterranean_lakeside_camping, layout_loops_ring,
          hellmonk_ecumenical_altar_blasted, minmay_misc_feat_secret_circle
D:2:      layout_rooms, uniq_crazy_yiuf_cottage
D:3:      layout_loops_ring, nicolae_tso_besieged_by_evil,
          gammafunk_ghost_cemetery, uniq_ijyb
D:4:      layout_basic, temple_doors_e, serial_shops,
          nicolae_shop_hallway_stairs
D:5:      layout_layer_cave, chequers_temple_overflow_statue_of_worship,
          uniq_edmund
D:6:      layout_basic, uniq_menkaure
D:7:      minmay_the_grid_octo_2x2 [minmay_the_grid_octo_fat_diamond,
          minmay_the_grid_octo_pinwheel, minmay_the_grid_octo_clover,
          minmay_the_grid_octo_prize_star], layout_gridville,
          serial_bayou_lagoon_b
D:8:      layout_basic, david_lair_generic, chequers_ossuary_entry_cave,
          uniq_maurice, uniq_gastronok, uniq_grum
D:9:      layout_stronghold
D:10:     layout_basic
D:11:     layout_gridville, orc_0_dummy, uniq_snorg
D:12:     layout_grid_maze
D:13:     layout_loops_ring, grunt_vaults_entry_tiered, xom_shifter_show,
          uniq_rupert, uniq_jorgrun
D:14:     layout_gridville, serial_park_avenue1, st_stairs_4, elyvilon_altar_5
D:15:     gammafunk_enter_depths_forms, layout_basic,
          nicolae_ashenzari_panopticon, portal_ice_cave_entry_ugly_swarm,
          nicolae_yredelemnul_corpse_copse
Temple:   hellmonk_temple_divided_pantheon
Lair:1:   layout_hall_layers, hangedman_tree_tricks, minmay_lair_oklob_items,
          wad_woods_river_03, serial_bayou_shore_a
Lair:2:   layout_roguey, cheibrodos_lair_reptile_den, grunt_megastairs_5,
          infiniplex_staircase_pool_2
Lair:3:   layout_loops_ring, minmay_swamp_entry_swarm,
          minmay_snake_entry_six_corridors
Lair:4:   layout_gridlike, gauntlet_entry_generic
Lair:5:   onia_ninara_swampy_vault, layout_concentric_octagons, st_stairs_7
Lair:6:   wormcave, layout_misc_corridors, minmay_slime_entry_jelly_boxes
Swamp:1:  layout_basic_swamp, serial_swamp_ruin, evilmike_swamp_ruin_house_6,
          evilmike_swamp_ruin_rubble_1, evilmike_swamp_ruin_house_3
Swamp:2:  layout_basic_swamp, nicolae_swamp_small_spring, swamp_pool4,
          uniq_kirke
Swamp:3:  nzn_winding_woodlands_three_and_one
          [nzn_winding_woodlands_5x15_garden,
          nzn_winding_woodlands_5x15_sawtooth,
          nzn_winding_woodlands_5x15_lazy_stream,
          nzn_winding_woodlands_center_lodge], layout_basic_swamp,
          hangedman_swamp_ruin_wall
Swamp:4:  swamp_alternative, layout_basic_swamp, gammafunk_ghost_necromancy
Snake:1:  cheibrodos_toxic_ritual, layout_cave_shapes
Snake:2:  layout_basic, serial_bayou_pond_e, serial_bayou_ford_a, st_stairs_12
Snake:3:  layout_cave_town, uniq_aizul, uniq_agnes
Snake:4:  snake_pit_salamanders_mu, layout_misc_corridors, grunt_megastairs_2
Orc:1:    layout_caves, nicolae_alphabet_shops, nicolae_orc_sculptors_studio
Orc:2:    grunt_orc_cross, layout_diamond_mine, basic_altar, serial_shops,
          nicolae_shop_stone
Elf:1:    nicolae_elf_arrival_fired_up, layout_gridlike, minmay_elf_demonology,
          serial_sigils_hangedman_shear, minivault_27, minmay_shoptagon
Elf:2:    elven_hall_of_blades_hangedman_alternative
          [infiniplex_blade_entry_pillars], layout_onion_city, minivault_5
Elf:3:    minmay_elf_hall_furrowed, layout_geoelf_octagon, nicolae_danse_macabre
Vaults:1: v_misc_3, v_misc_13, st_lines, hangedman_vaults_corner_blocks,
          v_misc_14, v_alt_pattern_1, layout_vaults_omnigrid
Vaults:2: gammafunk_ghost_spectres, ontoclasm_vaults_fault, vaults_dpeg_cross,
          vaults_room_boxed, v_alt_pattern_3, vaults_mumra_bighexcomb,
          vaults_room_stairs_pillars, nicolae_vaults_yaktaur_gun_rack,
          v_alt_pattern_2, nicolae_vaults_alarming, hangedman_vaults_river_flow,
          hangedman_vaults_capsules, ontoclasm_vaults_ring_small, serial_ice_h,
          layout_vaults_ring, serial_shops, shop
Vaults:3: mu_enter_wizlab_2, vaults_dpeg_diagonal,
          minmay_crypt_entry_nasty_monster, hangedman_vaults_slice,
          nicolae_vaults_little_squares_4, v_misc_24, v_pattern_4, v_misc_18,
          nicolae_vaults_windows_and_doors_thing, nicolae_vaults_network_star,
          v_misc_13, vaults_room_octagon, v_rooms_3,
          ontoclasm_vaults_ring_small, ontoclasm_vaults_decontamination,
          layout_vaults_maze_bifur, serial_shops,
          nicolae_shop_bloodbath_and_beyond
Vaults:4: emtedronai_trogs_sanctum, v_misc_22, nicolae_vaults_circle_grid_b,
          v_rooms_5, ontoclasm_vaults_gateway, v_misc_2, vaults_room_pools,
          nicolae_vaults_little_squares_1, layout_vaults_big_cross, uniq_margery
Vaults:5
Crypt:1:  layout_misc_corridors, basic_altar, grunt_crypt_arrival_guarded_gate,
          uniq_josephina
Depths:1: layout_twisted_cross, basic_altar, muffindrake_ghost_dual_entry,
          hell_entry, nicolae_trove_entry_crossroad, abyss_entry, serial_shops,
          nicolae_shop_crystal, rand_demon_pan_entry_7, st_stairs_13, drop_trap,
          kiku_gazebo_garden_becter

Skill      XL: |  1  2  3  4  5  6  7  8  9 10 11 12 13 14 15 16 17 18 19 20 21 22 23 24 25 |
---------------+----------------------------------------------------------------------------+-----
Axes           | 2 3 4 5 6 8 |  8.6
Maces & Flails | 5 9 12 13 15 | 15.1
Fighting       | 10 12 14 15 19 21 | 21.1
Invocations    | 9 14 15 16 20 | 20.0
Armour         | 7 9 10 14 15 | 15.0
Shields        | 8 13 15 18 20 | 20.0
Evocations     | 4 8 12 15 | 15.0
Dodging        | 6 |  6.1

Action                   |  1- 3 |  4- 6 |  7- 9 | 10-12 | 13-15 | 16-18 | 19-21 | 22-24 | 25-27 || total
-------------------------+-------+-------+-------+-------+-------+-------+-------+-------+-------++-------
Melee: War axe           |   139 |   115 |    75 |       |       |       |       |       |       ||   329
       Dire flail        |       |       |   145 |   490 |   772 |       |       |       |       ||  1407
       Flail             |       |       |       |       |   289 |   410 |       |       |       ||   699
       Morningstar       |       |       |       |       |       |   784 |  1563 |  1255 |   159 ||  3761
Throw: Throwing net      |       |       |       |       |       |       |     1 |       |       ||     1
Invok: Dark Bargain      |       |       |       |       |    10 |    21 |    16 |     7 |       ||    54
       Drain Life        |       |       |       |       |       |     1 |     3 |     8 |       ||    12
       Recall Undead Har |       |       |       |       |       |     1 |       |     1 |       ||     2
Evoke: Wand              |       |       |     1 |     6 |       |     1 |     2 |     5 |       ||    15
  Use: Potion            |       |     2 |     1 |     1 |       |    13 |     7 |    13 |       ||    37
       Scroll            |       |     6 |     3 |    16 |     8 |     8 |     4 |     5 |     1 ||    51
 Stab: Paralysed         |       |       |     2 |       |       |       |       |     5 |       ||     7
       Distracted        |       |       |     1 |     2 |     7 |    19 |    11 |    16 |     1 ||    57
       Confused          |       |       |       |       |       |       |     1 |       |       ||     1
Armor: Scale mail        |    71 |    61 |   122 |       |       |       |       |       |       ||   254
       Plate armour      |       |       |     6 |    51 |       |       |       |       |       ||    57
       Crystal plate arm |       |       |       |   249 |   886 |   763 |   997 |   818 |   132 ||  3845
Dodge: Dodged            |    65 |    39 |   117 |   121 |   294 |   210 |   241 |   254 |    61 ||  1402
Block: Buckler           |    35 |    31 |    18 |       |   179 |   887 |  1108 |   836 |   122 ||  3216
       Reflection        |       |       |       |       |    15 |   107 |   105 |    64 |     2 ||   293

Table legend: (Time is in decaauts)
 A = Elapsed time spent in this place.
 B = Non-inter-level travel time spent in this place.
 C = Inter-level travel time spent in this place.
 D = Time resting spent in this place.
 E = Time spent auto-exploring this place.
 F = Levels seen in this place.
 G = Mean time per level.
                   A        B        C        D        E       F      G
               +--------+--------+--------+--------+--------+-----+--------+
         Total |  51227 |  48621 |   2606 |   4558 |  33300 |  46 | 1113.6 |
       Dungeon |  19202 |  18001 |   1201 |   2275 |  12791 |  15 | 1280.1 |
        Temple |     70 |     61 |      9 |      0 |     31 |   1 |   70.0 |
          Lair |   7650 |   7258 |    392 |      0 |   6425 |   6 | 1275.0 |
         Swamp |   3714 |   3520 |    194 |    555 |   2245 |   4 |  928.5 |
     Snake Pit |   4133 |   4023 |    110 |    302 |   2620 |   4 | 1033.2 |
  Orcish Mines |   1811 |   1611 |    200 |    104 |   1158 |   2 |  905.5 |
   Elven Halls |   4159 |   3998 |    161 |    436 |   2300 |   3 | 1386.3 |
        Vaults |   7079 |   6744 |    335 |    364 |   4424 |   5 | 1415.8 |
         Crypt |    569 |    569 |      0 |    102 |    297 |   1 |  569.0 |
        Depths |     42 |     42 |      0 |      0 |     11 |   1 |   42.0 |
         Abyss |    428 |    428 |      0 |      0 |    155 |   1 |  428.0 |
      Ice Cave |   1338 |   1338 |      0 |    174 |    752 |   1 | 1338.0 |
        Wizlab |    658 |    658 |      0 |    245 |     89 |   1 |  658.0 |
      Gauntlet |    368 |    368 |      0 |      0 |      0 |   1 |  368.0 |
               +--------+--------+--------+--------+--------+-----+--------+

Top non-repeatable levels by time:
     D:7: 2602 daAuts
     D:6: 1775 daAuts
Vaults:4: 1623 daAuts
     D:5: 1622 daAuts
  Lair:6: 1571 daAuts
 Swamp:3: 1559 daAuts
   Elf:2: 1556 daAuts
    D:12: 1469 daAuts
Vaults:3: 1458 daAuts
  Lair:3: 1418 daAuts
   Elf:3: 1393 daAuts
  Lair:5: 1369 daAuts
Vaults:5: 1344 daAuts
   IceCv: 1338 daAuts
 Snake:4: 1331 daAuts
